 Dungeon Crawl Stone Soup version 0.21.0-3-g78d12a8 (webtiles) character file.

81 mopl the Sneak (level 4, -1/24 HPs)
             Began as a Tengu Enchanter on Jan 11, 2018.
             Was an Initiate of Dithmenos.
             Shot with an arrow by a centaur (5 damage)
             ... on level 3 of the Dungeon.
             The game lasted 00:03:46 (2143 turns).

mopl the Sneak (Tengu Enchanter)                    Turns: 2143, Time: 00:03:46

Health: -1/24      AC:  2    Str:  8    XL:     4   Next: 42%
Magic:  2/8        EV: 13    Int: 15    God:    Dithmenos [......]
Gold:   135        SH:  0    Dex: 16    Spells: 1/7 levels left

rFire    . . .     SeeInvis .   a - +1 dagger (drain)
rCold    + . .     Gourm    .   (no shield)
rNeg     . . .     Faith    .   b - +0 robe
rPois    .         Spirit   .   k - +0 hat
rElec    .         Reflect  .   (no cloak)
rCorr    .         Harm     .   (no gloves)
MR       .....                  (boots unavailable)
Stlth    +++.......             (no amulet)
HPRegen  0.08/turn              s - ring of protection from cold
MPRegen  0.11/turn              (no ring)

@: no status effects
A: beak, talons 3
a: Renounce Religion


You were on level 3 of the Dungeon.
You worshipped Dithmenos.
Dithmenos was noncommittal.
You were not hungry.

You visited 1 branch of the dungeon, and saw 3 of its levels.

You collected 135 gold pieces.

Inventory:

Hand Weapons
 a - a +1 dagger of draining (weapon)
Missiles
 m - 15 poisoned needles
Armour
 b - a +0 robe (worn)
 k - a +0 hat (worn)
Jewellery
 s - a ring of protection from cold (left hand)
Wands
 r - a wand of iceblast (9)
Scrolls
 f - a scroll of teleportation {unknown}
 g - 5 scrolls of identify {unknown}
 h - a scroll of fear {unknown}
 i - a scroll of blinking {unknown}
 l - 4 scrolls of enchant weapon {unknown}
 n - a scroll of fog {unknown}
 u - 3 scrolls of remove curse {unknown}
Potions
 e - 2 potions of lignification {unknown}
 j - a potion of might {unknown}
 o - a potion of agility {unknown}
 q - a potion of magic {unknown}
 t - a potion of heal wounds {unknown}
Books
 c - a book of Maledictions

   Spells                             Type                      Level
   a - Corona                         Hexes                        1
   b - Ensorcelled Hibernation        Hexes/Ice                    2
   c - Confuse                        Hexes                        3
   d - Tukima's Dance                 Hexes                        3
   e - Dazzling Spray                 Conjuration/Hexes            3
Comestibles
 d - 7 rations
 p - 5 chunks of flesh


   Skills:
 + Level 2.0 Short Blades
 - Level 2.1 Dodging
 + Level 3.5 Stealth
 + Level 2.4 Spellcasting
 * Level 2.8 Hexes
 + Level 1.0 Ice Magic
 + Level 0.1 Invocations


You had one spell level left.
You knew the following spells:

 Your Spells              Type           Power        Failure   Level  Hunger
a - Corona                Hex            ##.....      7%          1    #......
b - Ensorcelled Hibernat  Hex/Ice        #.....       14%         2    ###....
c - Confuse               Hex            ##......     21%         3    ###....


Dungeon Overview and Level Annotations

Branches:
Dungeon (3/15)

Altars:
Ashenzari
Cheibriados
Dithmenos
Fedhas
Gozag
Hepliaklqana
Nemelex Xobeh
Uskayaw

Annotations:
D:1 fly


Innate Abilities, Weirdness & Mutations

You have a beak for a mouth.
You have claws for feet.


Message History

The centaur resists with some effort.
The centaur shoots an arrow.
The arrow completely misses you.
A frilled lizard comes into view.
The frilled lizard hisses angrily.
Unknown command.
Casting: Confuse
Confirm with . or Enter, or press ? or * to list all spells.
Aiming: Confuse
Press: ? - help, Shift-Dir - straight line, f/p - centaur
Aim: a centaur, wielding a shortbow (chance to defeat MR: 41%)
The centaur resists with some effort.
The centaur shoots an arrow.
The arrow hits you.
The centaur shoots an arrow.
The arrow hits you!
Ouch! That really hurt!
* * * LOW HITPOINT WARNING * * *
An orc comes into view. It is wielding a hand axe.
The orc shouts!
An adder comes into view.
You hear a shout!
The adder moves out of view.
The centaur shoots an arrow.
The arrow hits you.
You die...

... . .l ...# ..(## #.
#..# #... #. ###
#..######## #.##..
#...#...#. ....#
##......#. #o# #.#.###
##....###..
#....#.#(..####......##.#
#l...(@........###....#
#.##.##..<##...###.....
... ##...........####
..cr# #...........##
...... #...###....#..###
...%......## ##.#......##
......#... #...####.....
..... #...#...### ##...#
...#...## ###..


You could see a centaur, an orc and a frilled lizard.

Vanquished Creatures
  4 adders
  2 worms (D:2)
  A dart slug (D:1)
  2 leopard geckos (D:1)
  A giant cockroach (D:3)
  4 goblins
  5 hobgoblins
  3 jackals (D:2)
  3 kobolds
  A quokka (D:3)
  4 bats
  5 rats
35 creatures vanquished.

Notes
Turn   | Place    | Note
-------+----------+-------------------------------------------
     0 | D:1      | mopl the Tengu Enchanter began the quest for the Orb.
     0 | D:1      | Reached XP level 1. HP: 10/10 MP: 4/4
   244 | D:1      | Reached XP level 2. HP: 9/15 MP: 4/6
   355 | D:1      | Learned a level 2 spell: Ensorcelled Hibernation
   448 | D:1      | Found a snail-covered altar of Cheibriados.
  1107 | D:2      | Reached XP level 3. HP: 19/19 MP: 7/7
  1112 | D:2      | Found a shattered altar of Ashenzari.
  1246 | D:2      | Learned a level 3 spell: Confuse
  1714 | D:2      | Found a hazy altar of Hepliaklqana.
  1757 | D:2      | Reached skill level 2 in Short Blades
  1757 | D:2      | Reached XP level 4. HP: 24/24 MP: 8/8
  1891 | D:2      | Found an opulent altar of Gozag.
  1898 | D:2      | Found a blossoming altar of Fedhas.
  2002 | D:3      | Found a hide-covered altar of Uskayaw.
  2003 | D:3      | Found a shadowy altar of Dithmenos.
  2010 | D:3      | Found a sparkling altar of Nemelex Xobeh.
  2014 | D:3      | Became a worshipper of Dithmenos the Shadowed
  2100 | D:3      | Reached skill level 1 in Ice Magic
  2138 | D:3      | Noticed a centaur
  2143 | D:3      | Shot with an arrow by a centaur

Skill      XL: |  1  2  3  4 |
---------------+-------------+-----
Short Blades   | 2 |  2.0
Ice Magic      | 1 |  1.0
Dodging        | |  2.1
Stealth        | |  3.5
Spellcasting   | |  2.4
Hexes          | |  2.8
Invocations    | |  0.1

Action                   |  1- 3 |  4- 6 || total
-------------------------+-------+-------++-------
Melee: Dagger            |    61 |    22 ||    83
       Kick              |    11 |     1 ||    12
       Peck              |     6 |     2 ||     8
 Cast: Corona            |     5 |       ||     5
       Ensorcelled Hiber |     7 |     1 ||     8
       Confuse           |       |     2 ||     2
 Stab: Sleeping          |    12 |     3 ||    15
  Eat: Chunk             |     3 |     2 ||     5
Armor: Robe              |     9 |     3 ||    12
Dodge: Dodged            |    30 |    18 ||    48
